[Event "ICC tourney 2877 (40 10)"]
[Site "Internet Chess Club"]
[Date "2022.04.09"]
[Round "2"]
[White "ALLARD, NATALIYA:PlayWellHaveFun"]
[Black "Luhtanen, Mark Andrew:MarkL2357"]
[Result "1-0"]
[ICCResult "Black resigns"]
[WhiteElo "1328"]
[BlackElo "900"]
[Opening "King's Indian defense"]
[ECO "E60"]
[NIC "KI.80"]
[Time "13:15:28"]
[PlyCount "73"]
[TimeControl "2400+10"]

1. d4 Nf6 2. c4 g6 3. e3 d6 4. Bd3 Bg7 5. Ne2 O-O 6. O-O b6 7. Nbc3 Nc6 8.
d5 Nb4 9. Bb1 Bb7 10. a3 Na6 11. b4 e5 12. Bb2 c5 13. b5 Nb8 14. Ne4 Nxe4
15. Bxe4 f5 16. Bc2 Nd7 17. a4 f4 18. exf4 exf4 19. Bxg7 Kxg7 20. Qd2 f3 21.
Qc3+ Ne5 22. Ng3 fxg2 23. Kxg2 Kg8 24. a5 Qd7 25. axb6 axb6 26. Rxa8 Bxa8
27. Ne4 Rf3 28. Qxf3 Nxf3 29. Nf6+ Kg7 30. Nxd7 Nd4 31. Be4 Bb7 32. Nxb6 Nf5
33. Bf3 Nh4+ 34. Kg3 Nxf3 35. Kxf3 h5 36. Re1 g5 37. Re7+ {Black resigns}
1-0

[Event "ICC tourney 2877 (40 10)"]
[Site "Internet Chess Club"]
[Date "2022.04.09"]
[Round "2"]
[White "Bharathy Mohan, Aarav Sai:aaravbm"]
[Black "KODARAPU, NEEV:onix007"]
[Result "1-0"]
[ICCResult "Black checkmated"]
[WhiteElo "1004"]
[BlackElo "1155"]
[Opening "Queen's gambit declined"]
[ECO "D30"]
[NIC "EO.64"]
[Time "13:15:31"]
[PlyCount "71"]
[TimeControl "2400+10"]

1. c4 e6 2. d4 d5 3. c5 Nf6 4. Nf3 b6 5. b4 Nc6 6. a3 Bd7 7. Nc3 Be7 8. Bf4
O-O 9. e3 h6 10. Be2 a5 11. b5 Na7 12. c6 Bc8 13. O-O Bd6 14. Bxd6 Qxd6 15.
h3 Re8 16. a4 Qb4 17. Qc2 Qe7 18. Rfe1 Qb4 19. Rab1 Qe7 20. Bd3 Rd8 21. e4
dxe4 22. Nxe4 Nxe4 23. Bxe4 Rb8 24. d5 Qf6 25. dxe6 Bxe6 26. Qb2 Qxb2 27.
Rxb2 Nc8 28. Rbe2 Nd6 29. Bc2 Kf8 30. Ne5 Nc4 31. Ng6+ fxg6 32. Rxe6 g5 33.
Bg6 Kg8 34. Re7 Rd4 35. Re8+ Rxe8 36. Rxe8# {Black checkmated} 1-0

[Event "ICC tourney 2877 (40 10)"]
[Site "Internet Chess Club"]
[Date "2022.04.09"]
[Round "2"]
[White "THAPER, RISHUBH:MajorKey"]
[Black "QIAO, RICHARDSON JINGSI:Richardsonqiao"]
[Result "1-0"]
[ICCResult "Black checkmated"]
[WhiteElo "1145"]
[BlackElo "572"]
[Opening "QGD: Tarrasch, Schlechter-Rubinstein system"]
[ECO "D33"]
[NIC "TD.09"]
[Time "13:15:31"]
[PlyCount "75"]
[TimeControl "2400+10"]

1. d4 d5 2. c4 e6 3. Nc3 c5 4. cxd5 exd5 5. Nf3 Nc6 6. g3 h6 7. Bg2 Nf6 8.
O-O Be7 9. e3 O-O 10. b3 b6 11. Bb2 Ba6 12. Re1 c4 13. Ne5 Na5 14. bxc4 Bxc4
15. Nxc4 Nxc4 16. Qb3 Nxb2 17. Qxb2 Rc8 18. Qb3 Rc4 19. Nxd5 Rc8 20. Nf4 Kh8
21. Nd3 Qd6 22. Ne5 Qe6 23. Ng6+ Kh7 24. Nxf8+ Rxf8 25. Qxe6 fxe6 26. Rac1
Bd6 27. Rc6 Rd8 28. Rd1 g5 29. e4 Ng8 30. e5 Be7 31. Rxe6 Bb4 32. Be4+ Kh8
33. d5 Kg7 34. Rg6+ Kf8 35. Rd3 Bc5 36. Rf3+ Ke7 37. Rg7+ Ke8 38. Bg6#
{Black checkmated}
1-0

[Event "ICC tourney 2877 (40 10)"]
[Site "Internet Chess Club"]
[Date "2022.04.09"]
[Round "2"]
[White "SATHYAN, TEJESH MAYURAN:tjsathyan"]
[Black "SULTAN, BASHIR Cisse:muzikmixer"]
[Result "1-0"]
[ICCResult "Black resigns"]
[WhiteElo "1219"]
[BlackElo "1429"]
[Opening "Robatsch defense"]
[ECO "B06"]
[NIC "KF.05"]
[Time "13:15:32"]
[PlyCount "63"]
[TimeControl "2400+10"]

1. e4 g6 2. d4 Bg7 3. Nc3 a6 4. Nf3 d6 5. Be2 Nd7 6. O-O b5 7. a3 c5 8. Be3
Bb7 9. Bd3 Ngf6 10. d5 O-O 11. Qd2 c4 12. Be2 Nc5 13. Bxc5 dxc5 14. Rad1 b4
15. axb4 cxb4 16. Na2 a5 17. Bxc4 Nxe4 18. Qc1 Nd6 19. Be2 Rc8 20. b3 Qb6
21. Qb1 Qc5 22. Bd3 Bxd5 23. Nd2 e5 24. Rfe1 f5 25. Nc4 Nxc4 26. Bxc4 Bxc4
27. bxc4 Qxc4 28. Rd7 Qxc2 29. Qa1 Rf7 30. Rxf7 Kxf7 31. Rc1 Qxa2 32. Qxa2+
{Black resigns}
1-0

[Event "ICC tourney 2877 (40 10)"]
[Site "Internet Chess Club"]
[Date "2022.04.09"]
[Round "2"]
[White "SOUTHERLAND, TRIPP:Nachooo"]
[Black "Kale, Shubham:shubham07"]
[Result "0-1"]
[ICCResult "White resigns"]
[WhiteElo "1212"]
[BlackElo "1411"]
[Opening "Robatsch defense: Geller's system"]
[ECO "B06"]
[NIC "KF.05"]
[Time "13:15:28"]
[PlyCount "104"]
[TimeControl "2400+10"]

1. e4 g6 2. d4 Bg7 3. Nf3 d6 4. c3 a6 5. Bd3 Nd7 6. O-O c5 7. Be3 cxd4 8.
cxd4 b5 9. a3 Bb7 10. Nc3 e5 11. Qd2 Ne7 12. dxe5 Nxe5 13. Nxe5 dxe5 14.
Rad1 O-O 15. Bh6 Rc8 16. Bxg7 Kxg7 17. Qe3 Qc7 18. Rc1 Qc5 19. Qd2 Rfd8 20.
Nd5 Qd6 21. Rxc8 Nxc8 22. Rd1 Bxd5 23. exd5 Qxd5 24. Qc2 Qe6 25. Rc1 Nb6 26.
Re1 Rd4 27. Qe2 Nd5 28. g3 Nf6 29. Bc2 e4 30. Qe3 Qc4 31. Bb3 Qd3 32. Bc2
Qxe3 33. Rxe3 Rd2 34. Bxe4 Nxe4 35. Rxe4 Rxb2 36. Rd4 Ra2 37. Rd3 a5 38. Kg2
b4 39. axb4 axb4 40. Rb3 Ra4 41. Kf3 Kf6 42. Ke3 Ke5 43. Kd3 Kd5 44. h4 Ra3
45. Kc2 Rxb3 46. Kxb3 Ke4 47. Kxb4 Kf3 48. Kc5 Kxf2 49. Kd5 Kxg3 50. Ke5
Kxh4 51. Kf6 g5 52. Kxf7 g4 {White resigns} 0-1

[Event "ICC tourney 2877 (40 10)"]
[Site "Internet Chess Club"]
[Date "2022.04.09"]
[Round "3"]
[White "Luo, Leon:leonluo"]
[Black "Bharathy Mohan, Aarav Sai:aaravbm"]
[Result "1-0"]
[ICCResult "Black checkmated"]
[WhiteElo "1203"]
[BlackElo "1004"]
[Opening "two knights defense: Fegatello attack, Polerio defense"]
[ECO "C57"]
[NIC "KP.01"]
[Time "15:30:20"]
[PlyCount "47"]
[TimeControl "2400+10"]

1. e4 e5 2. Nf3 Nc6 3. Bc4 Nf6 4. Ng5 d5 5. exd5 Nxd5 6. Nxf7 Kxf7 7. Qf3+
Ke6 8. Nc3 Ne7 9. O-O c6 10. Re1 g6 11. d4 Bg7 12. dxe5 Kd7 13. Nxd5 cxd5
14. Bxd5 Nxd5 15. Qxd5+ Ke7 16. Bg5+ Kf8 17. Qxd8+ Kf7 18. e6+ Bxe6 19. Qe7+
Kg8 20. Qxe6+ Kf8 21. Be7+ Ke8 22. Bf6+ Kf8 23. Qe7+ Kg8 24. Qxg7#
{Black checkmated}
1-0

[Event "ICC tourney 2877 (40 10)"]
[Site "Internet Chess Club"]
[Date "2022.04.09"]
[Round "3"]
[White "GUO, MAX:salamenceg"]
[Black "Lin, James:MeLikeGame"]
[Result "1-0"]
[ICCResult "Black checkmated"]
[WhiteElo "1188"]
[BlackElo "1374"]
[Opening "KGA: Allgaier, Walker attack"]
[ECO "C39"]
[NIC "KG.01"]
[Time "15:30:26"]
[PlyCount "57"]
[TimeControl "2400+10"]

1. e4 e5 2. f4 exf4 3. Nf3 g5 4. h4 g4 5. Ng5 h6 6. Nxf7 Kxf7 7. Bc4+ d5 8.
Bxd5+ Ke8 9. d4 Ne7 10. Nc3 Nbc6 11. Bxf4 h5 12. g3 a6 13. O-O Bd7 14. Bf7+
Kxf7 15. Bxc7+ Ke8 16. Bxd8 Kxd8 17. d5 Ne5 18. Qd4 Bg7 19. Qb6+ Kc8 20. d6
Nf3+ 21. Rxf3 Bd4+ 22. Qxd4 Kd8 23. Qxh8+ Be8 24. dxe7+ Kxe7 25. Qf8+ Kd7
26. Rd1+ Kc7 27. Rf7+ Kb6 28. Qb4+ Ka7 29. Rxb7# {Black checkmated} 1-0

[Event "ICC tourney 2877 (40 10)"]
[Site "Internet Chess Club"]
[Date "2022.04.09"]
[Round "3"]
[White "Luhtanen, Mark Andrew:MarkL2357"]
[Black "ASHOK, AMUDHAN:amudhanashok"]
[Result "0-1"]
[ICCResult "White checkmated"]
[WhiteElo "900"]
[BlackElo "1006"]
[Opening "Evans gambit declined"]
[ECO "C51"]
[NIC "IG.05"]
[Time "15:30:36"]
[PlyCount "82"]
[TimeControl "2400+10"]

1. e4 e5 2. Nf3 Nc6 3. Bc4 Bc5 4. b4 Nxb4 5. c3 Nc6 6. d4 exd4 7. O-O dxc3
8. Bxf7+ Kxf7 9. Qd5+ Ke8 10. Qh5+ g6 11. Qxc5 d6 12. Qxc3 Bg4 13. Qxh8 Kf8
14. Bh6+ Kf7 15. Qg7+ Ke6 16. Nd4+ Nxd4 17. Qxd4 Nxh6 18. Nc3 Qg5 19. Rae1
Bh3 20. Qc4+ Ke7 21. Nd5+ Kf8 22. g3 Bxf1 23. Kxf1 c6 24. Nf4 Ke7 25. Qe6+
Kf8 26. Qb3 Qb5+ 27. Qxb5 cxb5 28. e5 dxe5 29. Rxe5 Ng4 30. Rxb5 Nxh2+ 31.
Kg2 Ng4 32. Rxb7 Kg8 33. a4 a5 34. Ne6 Re8 35. Nd4 Re4 36. Rb8+ Kg7 37. Rd8
Re1 38. Nc2 Re2 39. Rc8 Rxf2+ 40. Kh3 h5 41. Rc5 Rh2# {White checkmated} 0-1

[Event "ICC tourney 2877 (40 10)"]
[Site "Internet Chess Club"]
[Date "2022.04.09"]
[Round "3"]
[White "HUANG, BRIAN:Checkmater2228"]
[Black "GOVILKAR, SIDDHARTHA:siddgovilkar"]
[Result "0-1"]
[ICCResult "White checkmated"]
[WhiteElo "864"]
[BlackElo "1083"]
[Opening "Sicilian: Smith-Morra gambit"]
[ECO "B21"]
[NIC "SI.48"]
[Time "15:30:17"]
[PlyCount "74"]
[TimeControl "2400+10"]

1. e4 c5 2. d4 cxd4 3. Qxd4 Nc6 4. Qd1 Nf6 5. Nc3 e5 6. Nf3 Bb4 7. Bg5 d6 8.
a3 Ba5 9. b4 Bc7 10. Nd5 Bb8 11. Bb5 Be6 12. O-O a6 13. Bxc6+ bxc6 14. Nxf6+
gxf6 15. Bh6 Rg8 16. Re1 Bh3 17. g3 d5 18. exd5 cxd5 19. Qd4 Ba7 20. Qh4 Qb6
21. Qxh3 Qxf2+ 22. Kh1 Qxf3+ 23. Qg2 Qh5 24. Bf4 Rd8 25. Re2 Bd4 26. Rae1
Ke7 27. Rd1 Bb2 28. c4 dxc4 29. Qb7+ Ke6 30. Qc6+ Kf5 31. Rxd8 Rxd8 32. Rxb2
Qd1+ 33. Kg2 exf4 34. gxf4 Qg4+ 35. Kf2 Qxf4+ 36. Kg2 Rg8+ 37. Kh1 Qf1#
{White checkmated}
0-1

[Event "ICC tourney 2877 (40 10)"]
[Site "Internet Chess Club"]
[Date "2022.04.09"]
[Round "3"]
[White "STINSON, RUSSELL:rcstinson"]
[Black "WU, DARREN:chessboy111"]
[Result "1-0"]
[ICCResult "Black checkmated"]
[WhiteElo "1400"]
[BlackElo "768"]
[Opening "Vienna gambit: Paulsen attack"]
[ECO "C29"]
[NIC "VG.03"]
[Time "15:30:18"]
[PlyCount "95"]
[TimeControl "2400+10"]

1. e4 e5 2. Nc3 Nf6 3. f4 d5 4. fxe5 Nxe4 5. Qf3 Nc6 6. Bb5 Nxc3 7. bxc3
Qh4+ 8. g3 Qe4+ 9. Qxe4 dxe4 10. Bxc6+ bxc6 11. d4 exd3 12. cxd3 Rb8 13. d4
c5 14. Nf3 Bb7 15. O-O Bxf3 16. Rxf3 cxd4 17. cxd4 c5 18. d5 c4 19. Be3 Rb7
20. Raf1 Bb4 21. Rf4 Rc7 22. d6 Rd7 23. Rxc4 Ba5 24. Rc8+ Bd8 25. Rb1 Rf8
26. Rbb8 h6 27. Bxa7 f6 28. Bb6 fxe5 29. Bxd8 Kf7 30. Rc7 Ke6 31. Rxd7 Kxd7
32. Rb7+ Kc8 33. Be7 Kxb7 34. Bxf8 Kc6 35. Kf2 g6 36. Ke3 h5 37. Ke4 Kd7 38.
Kxe5 Ke8 39. Bh6 Kd7 40. Bg5 h4 41. gxh4 Ke8 42. Ke6 Kf8 43. Be7+ Kg8 44. d7
Kh7 45. d8=Q g5 46. Bf6 gxh4 47. Kf7 Kh6 48. Qh8# {Black checkmated} 1-0

[Event "ICC tourney 2877 (40 10)"]
[Site "Internet Chess Club"]
[Date "2022.04.09"]
[Round "3"]
[White "Yang, Daniel Benji:DanielYang99"]
[Black "JAIN, PARINYA:StockAlpha2020"]
[Result "0-1"]
[ICCResult "White resigns"]
[WhiteElo "1405"]
[BlackElo "1415"]
[Opening "Giuoco Piano: Greco's attack"]
[ECO "C54"]
[NIC "IG.02"]
[Time "15:30:24"]
[PlyCount "62"]
[TimeControl "2400+10"]

1. e4 e5 2. Nf3 Nc6 3. Bc4 Bc5 4. c3 Nf6 5. d4 exd4 6. cxd4 Bb4+ 7. Nc3 d5
8. exd5 Nxd5 9. O-O Bxc3 10. bxc3 O-O 11. Qb3 Be6 12. Qxb7 Na5 13. Qa6 c6
14. Bb3 Nxb3 15. axb3 Nxc3 16. Qxc6 Ne2+ 17. Kh1 Nxd4 18. Nxd4 Qxd4 19. Be3
Qe5 20. Rfb1 Bd5 21. Qc2 Be4 22. Qb2 Qd5 23. Rc1 Bxg2+ 24. Kg1 Qf3 25. Bh6
Qg4 26. Rc3 Bf3+ 27. Kf1 Qg2+ 28. Ke1 Qg1+ 29. Kd2 Qxf2+ 30. Kc1 Qe1+ 31.
Kc2 Be4+ {White resigns} 0-1

[Event "ICC tourney 2877 (40 10)"]
[Site "Internet Chess Club"]
[Date "2022.04.09"]
[Round "3"]
[White "QIAO, RICHARDSON JINGSI:Richardsonqiao"]
[Black "POWERS, BARNEY:Barnstorm"]
[Result "1-0"]
[ICCResult "Black checkmated"]
[WhiteElo "572"]
[BlackElo "1019"]
[Opening "Pirc: classical, h3 system"]
[ECO "B08"]
[NIC "PU.10"]
[Time "15:30:15"]
[PlyCount "63"]
[TimeControl "2400+10"]

1. e4 d6 2. d4 Nf6 3. Nc3 g6 4. Nf3 Bg7 5. h3 O-O 6. Bd3 Nbd7 7. Be3 c6 8.
Qd2 b5 9. a3 a5 10. Bh6 Ne8 11. Bxg7 Kxg7 12. O-O a4 13. Rfe1 e5 14. dxe5
dxe5 15. Na2 Nc5 16. Nxe5 Bb7 17. Nb4 Rc8 18. Qc3 Nxd3 19. Nexd3+ f6 20. Nc5
Qe7 21. Rad1 Nd6 22. e5 fxe5 23. Rxe5 Qf6 24. Ne6+ Kg8 25. Nxf8 Rxf8 26. Re2
Qxc3 27. bxc3 Nc4 28. Rd7 Ba8 29. Ree7 h5 30. Rg7+ Kh8 31. Rh7+ Kg8 32.
Rdg7# {Black checkmated} 1-0

[Event "ICC tourney 2877 (40 10)"]
[Site "Internet Chess Club"]
[Date "2022.04.09"]
[Round "3"]
[White "Kale, Shubham:shubham07"]
[Black "ANGEL, BORYS:BArkadia"]
[Result "0-1"]
[ICCResult "White checkmated"]
[WhiteElo "1411"]
[BlackElo "1399"]
[Opening "English opening"]
[ECO "A16"]
[NIC "EO.64"]
[Time "15:30:24"]
[PlyCount "62"]
[TimeControl "2400+10"]

1. c4 Nf6 2. Nc3 d6 3. e4 g6 4. g3 Bg7 5. Bg2 c6 6. Nge2 O-O 7. O-O Nbd7 8.
h3 Re8 9. Kh2 e5 10. f4 exf4 11. gxf4 Nc5 12. d3 Qc7 13. b4 Na6 14. Rb1 Bd7
15. a4 c5 16. Nb5 Bxb5 17. axb5 Nxb4 18. Ba3 a6 19. Bxb4 cxb4 20. Rxb4 axb5
21. Rxb5 Ra3 22. Qb1 Rb8 23. Rc1 Nh5 24. e5 dxe5 25. Rxb7 Rxb7 26. Qxb7 Qxb7
27. Bxb7 Ra2 28. c5 Rxe2+ 29. Kh1 exf4 30. c6 Ng3+ 31. Kg1 Bd4#
{White checkmated}
0-1

[Event "ICC tourney 2877 (40 10)"]
[Site "Internet Chess Club"]
[Date "2022.04.09"]
[Round "3"]
[White "LAIDO, MATTHEW:Dabao"]
[Black "Chen, Angelique Lee:oklahoo"]
[Result "1-0"]
[ICCResult "Black checkmated"]
[WhiteElo "1095"]
[BlackElo "884"]
[Opening "Giuoco Pianissimo: Italian four knights variation"]
[ECO "C50"]
[NIC "IG.02"]
[Time "15:31:09"]
[PlyCount "117"]
[TimeControl "2400+10"]

1. e4 e5 2. Nf3 Nc6 3. Bc4 Bc5 4. Nc3 Nf6 5. d3 h6 6. Be3 Bb6 7. d4 exd4 8.
Nxd4 Nxd4 9. Bxd4 Bxd4 10. Qxd4 O-O 11. O-O-O Qe7 12. Rhe1 b6 13. f3 Rd8 14.
Nb5 d6 15. e5 c5 16. exf6 Qxe1 17. Bxf7+ Kxf7 18. Qd5+ Qe6 19. Qxa8 Qxf6 20.
Qd5+ Be6 21. Nxd6+ Kg8 22. Qb7 Qf4+ 23. Kb1 Kh7 24. Qe4+ Qxe4 25. fxe4 Bg4
26. Rd3 Be2 27. Rd2 Bf1 28. Rf2 Bxg2 29. Rxg2 Rxd6 30. c3 Rd1+ 31. Kc2 Re1
32. Kd3 Kg8 33. Re2 Rxe2 34. Kxe2 Kf7 35. Kd3 b5 36. b4 cxb4 37. cxb4 Ke6
38. Kd4 Kd6 39. a3 g5 40. e5+ Kc6 41. Ke4 g4 42. Kf5 Kd7 43. Kxg4 Ke6 44.
Kf4 h5 45. h4 Kd5 46. Kf5 Kc4 47. e6 Kb3 48. e7 Kxa3 49. e8=Q Kxb4 50. Qe4+
Ka5 51. Qc2 a6 52. Ke5 Kb4 53. Kd5 Ka3 54. Kc5 b4 55. Qd3+ b3 56. Kc4 Ka2
57. Qxb3+ Ka1 58. Kc3 a5 59. Qb2# {Black checkmated} 1-0

[Event "ICC tourney 2877 (40 10)"]
[Site "Internet Chess Club"]
[Date "2022.04.09"]
[Round "3"]
[White "ZHAO, DANSON:K01-30127679"]
[Black "WENG, JOHNSON:K01-30136161"]
[Result "1/2-1/2"]
[ICCResult "Game drawn because neither player has mating material"]
[WhiteElo "1234"]
[BlackElo "1105"]
[Opening "Owen defense"]
[ECO "B00"]
[NIC "VO.01"]
[Time "15:31:09"]
[PlyCount "134"]
[TimeControl "2400+10"]

1. e4 b6 2. Nf3 Bb7 3. Nc3 e6 4. d4 Bb4 5. Bd3 Nf6 6. Qe2 d5 7. exd5 Nxd5 8.
Bd2 Nxc3 9. bxc3 Bd6 10. O-O Nd7 11. a4 a5 12. Ne5 Nf6 13. Bb5+ Kf8 14. Rad1
Qe7 15. Nc6 Bxc6 16. Bxc6 Rd8 17. Bg5 h6 18. Bh4 Bf4 19. d5 exd5 20. Qxe7+
Kxe7 21. Rfe1+ Kf8 22. Bxf6 gxf6 23. Bxd5 Kg7 24. g3 Be5 25. Rd3 Rhe8 26.
Red1 Bd6 27. Bf3 Kg6 28. Kf1 Kg5 29. h4+ Kf5 30. Bc6 Re5 31. Bd5 Kg6 32. Bf3
Rde8 33. Rd5 Rxd5 34. Bxd5 Re5 35. Bb3 Rf5 36. Kg2 Rc5 37. c4 Re5 38. Kf1
Rf5 39. Kg2 Kh5 40. Rd4 Bc5 41. Rd2 Kg4 42. Re2 Re5 43. f3+ Kf5 44. Rxe5+
fxe5 45. Ba2 h5 46. Bb3 e4 47. fxe4+ Kxe4 48. Ba2 f5 49. Bb3 f4 50. gxf4
Kxf4 51. Kh3 Ke3 52. Ba2 Bd6 53. Kg2 Kd4 54. Bb3 Kc3 55. Kf3 Be7 56. Kg3 c6
57. Kh3 Kb4 58. Kg3 b5 59. axb5 cxb5 60. cxb5 Kxb5 61. Bf7 a4 62. Bxh5 a3
63. Bf7 Bxh4+ 64. Kxh4 Kb4 65. Kg3 Kc3 66. Bb3 a2 67. Bxa2 Kxc2
{Game drawn because neither player has mating material}
1/2-1/2

[Event "ICC tourney 2877 (40 10)"]
[Site "Internet Chess Club"]
[Date "2022.04.09"]
[Round "3"]
[White "BENDRE, KAVIN ANUP:kbendre"]
[Black "SOUTHERLAND, TRIPP:Nachooo"]
[Result "1-0"]
[ICCResult "Black forfeits on time"]
[WhiteElo "1092"]
[BlackElo "1212"]
[Opening "Sicilian: Smith-Morra gambit"]
[ECO "B21"]
[NIC "SI.48"]
[Time "15:30:13"]
[PlyCount "121"]
[TimeControl "2400+10"]

1. e4 c5 2. d4 cxd4 3. c3 d3 4. Bxd3 Nc6 5. Nf3 d6 6. c4 Nf6 7. Nc3 g6 8.
O-O Bg7 9. Bf4 O-O 10. Qd2 Re8 11. Bh6 Bh8 12. Nd5 e6 13. Nxf6+ Qxf6 14. b3
Qe7 15. Rad1 b6 16. Bc2 Rd8 17. Bf4 e5 18. Bg5 Bf6 19. Bxf6 Qxf6 20. Qd5 Bb7
21. Qd2 h5 22. Qg5 Qxg5 23. Nxg5 Nd4 24. Bd3 f6 25. Nh3 Bc8 26. f4 Bxh3 27.
gxh3 Kf7 28. fxe5 dxe5 29. Rf2 Ne6 30. Bc2 Nf4 31. Rf3 Rxd1+ 32. Bxd1 Rd8
33. Bc2 Rd2 34. Bb1 Rd1+ 35. Rf1 Rxf1+ 36. Kxf1 Nxh3 37. Kg2 Nf4+ 38. Kf3
Ke6 39. a4 f5 40. exf5+ gxf5 41. b4 Kd6 42. Bxf5 Ne6 43. Ke3 Nd4 44. Bg6 h4
45. Bd3 Nc6 46. b5 Nd4 47. Ke4 Nb3 48. Bc2 Nc5+ 49. Kf5 Ne6 50. Kg4 Kc5 51.
Kxh4 Kxc4 52. Kg4 Kd4 53. h4 e4 54. Kg3 Ke3 55. h5 Ng5 56. Kg4 Nf7 57. Kf5
Kd4 58. Bxe4 Nd6+ 59. Kg6 Nxe4 60. h6 Nd6 61. h7 {Black forfeits on time}
1-0

[Event "ICC tourney 2877 (40 10)"]
[Site "Internet Chess Club"]
[Date "2022.04.09"]
[Round "3"]
[White "HAMLETT, JAMES MORRISON:Hamlett144"]
[Black "THAPER, RISHUBH:MajorKey"]
[Result "0-1"]
[ICCResult "White resigns"]
[WhiteElo "1254"]
[BlackElo "1145"]
[Opening "Caro-Kann: advance variation"]
[ECO "B12"]
[NIC "CK.04"]
[Time "15:30:41"]
[PlyCount "59"]
[TimeControl "2400+10"]

1. e4 c6 2. d4 d5 3. e5 Bf5 4. f4 e6 5. Nf3 c5 6. Bb5+ Nc6 7. O-O Qb6 8.
Bxc6+ Qxc6 9. Be3 Qb5 10. Qc1 Qe2 11. Rf2 Qb5 12. Nc3 Qa5 13. dxc5 Bxc5 14.
Nd4 Bxd4 15. Bxd4 Qb4 16. Ne2 Ne7 17. c3 Qc4 18. b3 Qd3 19. Qa3 Nc6 20. Rc1
Bg4 21. Ng3 Rc8 22. Bc5 f6 23. Bd6 Kf7 24. Nf1 Rhd8 25. Rd2 Qe4 26. Rf2 Kg8
27. Nd2 Qe3 28. c4 Nd4 29. Nf3 Ne2+ 30. Kh1 {White resigns} 0-1

[Event "ICC tourney 2877 (40 10)"]
[Site "Internet Chess Club"]
[Date "2022.04.09"]
[Round "3"]
[White "SAUL, BRUCE H:Bdevil81"]
[Black "ALLARD, NATALIYA:PlayWellHaveFun"]
[Result "1-0"]
[ICCResult "Black resigns"]
[WhiteElo "1216"]
[BlackElo "1328"]
[Opening "Queen's pawn game"]
[ECO "D02"]
[NIC "QP.08"]
[Time "15:30:18"]
[PlyCount "99"]
[TimeControl "2400+10"]

1. d4 d5 2. Nf3 e6 3. g3 Bd6 4. Bg2 Ne7 5. O-O O-O 6. c4 dxc4 7. Qc2 h6 8.
Qxc4 Nbc6 9. Nc3 Rb8 10. e4 a6 11. Rd1 b5 12. Qe2 Qe8 13. Be3 Bb7 14. Rac1
e5 15. d5 Nd8 16. Nd2 f5 17. Nb3 fxe4 18. Bxe4 Qf7 19. Qg4 Nf5 20. Bxf5 Qxf5
21. Qxf5 Rxf5 22. Ne4 Bxd5 23. Rxd5 Nb7 24. Nbc5 Nxc5 25. Nxc5 Bxc5 26.
Rdxc5 Rc8 27. Rxc7 Rxc7 28. Rxc7 Kh7 29. b4 Rf6 30. Re7 Rf5 31. g4 Rf6 32.
Rxe5 Rd6 33. Rc5 Rd1+ 34. Kg2 Ra1 35. Rc2 Rd1 36. f4 Rd6 37. Kf3 Re6 38. f5
Rf6 39. Ke4 Rd6 40. Bd4 Kg8 41. h4 Kf7 42. g5 hxg5 43. hxg5 g6 44. Rc7+ Ke8
45. f6 Rd7 46. Rxd7 Kxd7 47. Kd5 Ke8 48. Kc6 Kf7 49. Kb6 Ke6 50. Kxa6
{Black resigns}
1-0

[Event "ICC tourney 2877 (40 10)"]
[Site "Internet Chess Club"]
[Date "2022.04.09"]
[Round "3"]
[White "SRIPADA, ANISHA:waterycargo"]
[Black "SATHYAN, TEJESH MAYURAN:tjsathyan"]
[Result "1-0"]
[ICCResult "Black resigns"]
[WhiteElo "1251"]
[BlackElo "1219"]
[Opening "Queen's pawn: London system"]
[ECO "A45"]
[NIC "QP.07"]
[Time "15:31:09"]
[PlyCount "189"]
[TimeControl "2400+10"]

1. d4 Nf6 2. Bf4 g6 3. e3 Bg7 4. Nf3 O-O 5. c4 d6 6. Nc3 Nbd7 7. Be2 c5 8.
O-O Re8 9. Bg3 Rf8 10. Qd2 Nh5 11. Bh4 f5 12. Bg3 Nxg3 13. hxg3 Bh6 14. Qd3
a6 15. e4 cxd4 16. Nxd4 Nc5 17. Qc2 fxe4 18. Nxe4 Nxe4 19. Qxe4 Rf6 20. Rfe1
Bd2 21. Red1 Ba5 22. Nb3 Bb6 23. c5 Bc7 24. Bc4+ Kg7 25. Nd4 Qf8 26. Nf3 Rb8
27. b4 Bf5 28. Qe3 Bg4 29. Be2 h6 30. a3 Rd8 31. Rac1 dxc5 32. bxc5 Rd7 33.
Rxd7 Bxd7 34. Bc4 Bg4 35. Be2 Re6 36. Qd2 Rf6 37. Rb1 Qc8 38. Qc3 Bf5 39.
Re1 Qd8 40. Rd1 Qc8 41. Qc4 Be6 42. Qc3 Bf7 43. Bc4 Bxc4 44. Qxc4 h5 45. Re1
Qd8 46. Qc2 b6 47. cxb6 Bxb6 48. Qe2 Bc5 49. a4 Qd6 50. Qe5 Qxe5 51. Rxe5
Bd6 52. Re1 Bc5 53. Re2 Kf7 54. Ng5+ Ke8 55. Ne4 Re6 56. Kf1 Bd6 57. Nxd6+
Rxd6 58. Ra2 Rd1+ 59. Ke2 Rd6 60. f3 Kd7 61. a5 Kc6 62. Rb2 Rd5 63. Rb6+ Kc7
64. Rxa6 g5 65. Ra7+ Kb8 66. Rxe7 Rxa5 67. Rh7 Ra2+ 68. Kf1 Ra1+ 69. Kf2
Ra2+ 70. Kg1 Ra5 71. Rxh5 Ra1+ 72. Kh2 Kc7 73. Kh3 Kd6 74. Rxg5 Ke6 75. Kg4
Rg1 76. f4 Rxg2 77. Re5+ Kf6 78. Ra5 Rb2 79. Ra6+ Ke7 80. Kg5 Rg2 81. g4 Rf2
82. f5 Rf3 83. Ra7+ Kd6 84. f6 Ke6 85. Ra6+ Kf7 86. Kh6 Rg3 87. Kg5 Rd3 88.
Ra7+ Ke6 89. Kg6 Rg3 90. g5 Rf3 91. f7 Rf4 92. Kg7 Rg4 93. g6 Rf4 94. f8=Q
Rxf8 95. Kxf8 {Black resigns} 1-0

[Event "ICC tourney 2877 (40 10)"]
[Site "Internet Chess Club"]
[Date "2022.04.09"]
[Round "4"]
[White "BENDRE, KAVIN ANUP:kbendre"]
[Black "Luo, Leon:leonluo"]
[Result "0-1"]
[ICCResult "White checkmated"]
[WhiteElo "1092"]
[BlackElo "1203"]
[Opening "Vienna game, Max Lange defense"]
[ECO "C25"]
[NIC "VG.04"]
[Time "17:45:33"]
[PlyCount "70"]
[TimeControl "2400+10"]

1. e4 e5 2. Nc3 Nc6 3. Bc4 Bc5 4. Qg4 g6 5. Qf3 Qe7 6. Nge2 Nf6 7. d3 h6 8.
Nb5 Bb6 9. Be3 a6 10. Nbc3 Ba5 11. O-O d6 12. Nd5 Nxd5 13. Bxd5 Bd7 14. c3
h5 15. Qg3 O-O-O 16. f4 h4 17. Qf3 h3 18. g3 f5 19. b4 Bb6 20. Bxb6 cxb6 21.
a4 Be6 22. Bxe6+ Qxe6 23. b5 Na5 24. bxa6 bxa6 25. Rfb1 d5 26. exd5 Rxd5 27.
fxe5 Rxe5 28. Qa8+ Kd7 29. Qxh8 Rxe2 30. Qxh3 Qe3+ 31. Kh1 Qf3+ 32. Kg1 Qf2+
33. Kh1 Qf3+ 34. Kg1 Qe3+ 35. Kf1 Qf2# {White checkmated} 0-1

[Event "ICC tourney 2877 (40 10)"]
[Site "Internet Chess Club"]
[Date "2022.04.09"]
[Round "4"]
[White "WU, DARREN:chessboy111"]
[Black "ZHAO, DANSON:K01-30127679"]
[Result "1-0"]
[ICCResult "Black resigns"]
[WhiteElo "768"]
[BlackElo "1234"]
[Opening "Scotch gambit"]
[ECO "C44"]
[NIC "SO.06"]
[Time "17:46:12"]
[PlyCount "65"]
[TimeControl "2400+10"]

1. e4 e5 2. Nf3 Nc6 3. d4 exd4 4. Bc4 d6 5. Nxd4 Nf6 6. Nc3 Be7 7. f3 O-O 8.
Be3 Ne5 9. Be2 Bd7 10. Qd2 a5 11. g4 c5 12. Nf5 Bxf5 13. gxf5 b6 14. Rg1 Kh8
15. f4 Nc6 16. Bb5 Na7 17. Bf1 b5 18. Qg2 Rg8 19. e5 dxe5 20. fxe5 Ne4 21.
Nxe4 c4 22. Rd1 Qc7 23. Bd4 Nc6 24. Bc3 b4 25. Bd2 Bh4+ 26. Ng3 Qxe5+ 27.
Be2 Bxg3+ 28. hxg3 Nd4 29. c3 Nxf5 30. Bf4 Qe6 31. Qd5 Qc8 32. Bg4 Re8+ 33.
Kf2 {Black resigns} 1-0